 Dungeon Crawl Stone Soup version 0.17.0-18-gaab0e96 (console) character file.

249 gw the Conjurer (level 6, 0/35 HPs)
             Began as a Tengu Conjurer on Nov 12, 2015.
             Slain by TheBigGinger's ghost (11 damage)
             ... on level 4 of the Dungeon.
             The game lasted 00:03:17 (4882 turns).

gw the Conjurer (Tengu Conjurer)                    Turns: 4882, Time: 00:03:17

Health: 0/35       AC:  4    Str:  9    XL:     6   Next: 12%
Magic:  0/12       EV: 13    Int: 17    God:
Gold:   164        SH:  0    Dex: 14    Spells: 4 memorised, 2 levels left

rFire  . . .     SeeInvis .     b - +0 flail
rCold  . . .     Clarity  .     g - +0 leather armour
rNeg   . . .     SustAt   .     (no shield)
rPois  .         Gourm    .     (helmet restricted)
rElec  .         Spirit   .     a - +0 cloak
rCorr  .         Warding  .     (no gloves)
rMut   .         Stasis   .     (boots unavailable)
MR     .....                    (no amulet)
Stlth  ++........               (no ring)
                                (no ring)

@: not resistant to hostile enchantments, unstealthy
A: beak, talons 3, able to fly 1
a: Fly


You were on level 4 of the Dungeon.
You were hungry.

You visited 1 branch of the dungeon, and saw 4 of its levels.

You collected 164 gold pieces.

Inventory:

Hand Weapons
 b - a +0 flail (weapon)
Missiles
 e - 97 stones
 f - 6 javelins (quivered)
Armour
 a - a +0 cloak (worn)
 g - a +0 leather armour (worn)
Books
 d - a book of Conjurations

   Spells                             Type                      Level
   a - Magic Dart                     Conjuration                  1
   b - Searing Ray                    Conjuration                  2
   c - Dazzling Spray                 Conjuration/Hexes            3
   d - Fulminant Prism                Conjuration/Hexes            4
   e - Iskenderun's Mystic Blast      Conjuration                  4
   f - Iskenderun's Battlesphere      Conjuration/Charms           5
 h - a book of Hinderance

   Spells                             Type                      Level
   a - Confusing Touch                Hexes                        2
   b - Confuse                        Hexes                        3
   c - Gell's Gravitas                Hexes/Translocation          3
   d - Petrify                        Transmutation/Earth          4
   e - Metabolic Englaciation         Hexes/Ice                    5
Comestibles
 c - 4 bread rations


   Skills:
 + Level 1.7 Fighting
 + Level 2.5 Maces & Flails
 + Level 3.6 Dodging
 - Level 2.0 Stealth
 * Level 3.6 Spellcasting
 + Level 6.0 Conjurations


You had 2 spell levels left.
You knew the following spells:

 Your Spells              Type           Power        Failure   Level  Hunger
a - Magic Dart            Conj           ###.         1%          1    None
b - Searing Ray           Conj           ###...       3%          2    ##.....
c - Dazzling Spray        Conj/Hex       ##......     24%         3    ###....
d - Iskenderun's Mystic   Conj           ###.....     24%         4    ####...


Dungeon Overview and Level Annotations

Branches:
Dungeon (4/15)
 Temple: D:4-7

Altars:

Annotations:
D:4 TheBigGinger's ghost, amateur DrMo


Innate Abilities, Weirdness & Mutations

You have a beak for a mouth.
You have claws for feet.
You can fly.


Message History

The ball python misses you.
The jackal bites you but does no damage.
The jackal stops to sniff the ground.
The jackal closely misses you. The jackal bites you.
Unknown command.
Unknown command.
Unknown command.
Unknown command.
ATTACKING (-1,0)
You closely miss the jackal. Your peck misses the jackal.
The jackal is moderately wounded.
The jackal barely misses you. The ball python misses you.
The ball python barely misses you. The jackal misses you.
The jackal bites you but does no damage.
TheBigGinger's ghost hits you.
The jackal bites you but does no damage.
The ball python bites you. The ball python closely misses you.
The jackal bites you. The jackal barely misses you.
The jackal closely misses you. TheBigGinger's ghost hits you!
You die...

..... ....#
...## #...# ###
...###....
##.........
##.hhh....#
##..hQS....#
##..)W###...#
... ##....##
..#
......##....##
. ......#....##
#...........#
#...(........#
.............##
....####.(....#


You could see TheBigGinger's ghost, 4 jackals and a ball python.

Table legend:
 A = Turns spent in this place as a percentage of turns spent in the entire game.
 B = Non-inter-level travel turns spent in this place as a percentage of non-inter-level travel turns spent in the entire game.
 C = Inter-level travel turns spent in this place as a percentage of turns spent in this place.
 D = Turns resting spent in this place as a percentage of non-inter-level travel turns spent in this place.
 E = Turns spent auto-exploring this place as a percentage of non-inter-level travel turns spent in this place.
 F = Non-inter-level travel turns spent in this place divided by the number of levels of this place that you've seen.
                   A       B       C       D       E      F
               +-------+-------+-------+-------+-------+----------------------
         Total | 100.0 | 100.0 |   1.1 |   3.3 |   2.7 | 1117.2
       Dungeon | 100.0 | 100.0 |   1.1 |   3.3 |   2.7 | 1117.2
               +-------+-------+-------+-------+-------+----------------------

Table legend:
 A = Kills in this place as a percentage of kills in entire the game.
 B = Kills by you in this place as a percentage of kills by you in the entire game.
 C = Kills by friends in this place as a percentage of kills by friends in the entire game.
 D = Other kills in this place as a percentage of other kills in the entire game.
 E = Experience gained in this place as a percentage of experience gained in the entire game.
 F = Experience gained in this place divided by the number of levels of this place that you have seen.
                   A       B       C       D       E      F
               +-------+-------+-------+-------+-------+----------------------
         Total | 100.0 | 100.0 |  -nan |  -nan | 100.0 |  89.0
       Dungeon | 100.0 | 100.0 |  -nan |  -nan | 100.0 |  89.0
               +-------+-------+-------+-------+-------+----------------------

Vanquished Creatures
  Terence (D:3)
  A hound (D:4)
  A worker ant (D:4)
  6 gnolls
  3 adders
  A worm (D:4)
  5 giant geckos
  3 orcs
  10 bats
  5 giant cockroaches
  7 goblins
  8 hobgoblins
  6 jackals
  7 giant newts
  8 kobolds
  8 rats
80 creatures vanquished.

Notes
Turn   | Place    | Note
--------------------------------------------------------------
     0 | D:1      | gw the Tengu Conjurer began the quest for the Orb.
     0 | D:1      | Reached XP level 1. HP: 10/10 MP: 4/4
   269 | D:1      | Reached XP level 2. HP: 16/16 MP: 3/6
   302 | D:1      | Learned a level 2 spell: Searing Ray
  1096 | D:1      | Reached XP level 3. HP: 20/20 MP: 3/7
  1140 | D:1      | Learned a level 3 spell: Dazzling Spray
  2013 | D:2      | Reached skill level 1 in Maces & Flails
  2021 | D:2      | Reached XP level 4. HP: 3/24 MP: 0/9
  2045 | D:2      | Reached skill level 1 in Fighting
  3492 | D:2      | Gained mutation: You can fly. [Tengu growth]
  3492 | D:2      | Reached XP level 5. HP: 29/29 MP: 6/10
  3530 | D:2      | Learned a level 4 spell: Iskenderun's Mystic Blast
  3837 | D:3      | Noticed Terence
  3857 | D:3      | Killed Terence
  4621 | D:4      | Reached skill level 6 in Conjurations
  4746 | D:4      | Reached XP level 6. HP: 33/35 MP: 2/12
  4839 | D:4      | Noticed TheBigGinger's ghost (amateur DrMo)
  4882 | D:4      | Slain by TheBigGinger's ghost

Action                   |  1- 3 |  4- 6 || total
-------------------------+-------+-------++-------
Melee: Club              |    28 |       ||    28
       Whip              |       |    25 ||    25
       Flail             |       |     8 ||     8
Throw: Javelin           |    10 |    14 ||    24
 Cast: Magic Dart        |    59 |    51 ||   110
       Dazzling Spray    |     7 |    30 ||    37
 Stab: Invisible         |       |     2 ||     2
  Eat: Chunk             |     5 |    12 ||    17

Vault maps used:
D:1:      dpeg_arrival_central, minmay_misc_feat_encased
D:2:      first_bread
D:3:      uniq_terence
D:4:      lemuel_round_altar, fedhas_bush_and_centaur_altar
